 Dungeon Crawl Stone Soup version 0.29-a0-982-gaed3a0c8d8 (webtiles) character file.

Game seed: 14462620479978170417

132050 avis the Marksdemigod (level 16, -2/137 HPs)
             Began as a Demigod Ice Elementalist on July 31, 2022.
             Constricted to death by a shambling mangrove (14 damage)
             ... on level 3 of the Swamp on Aug 1, 2022.
             The game lasted 04:58:16 (35968 turns).

avis the Marksdemigod (Demigod Ice Elementalist)   Turns: 35968, Time: 04:58:16

Health: -2/137     AC: 21    Str:  8    XL:     16   Next: 8%
Magic:  30/31      EV: 20    Int: 26    God:
Gold:   1598       SH:  0    Dex: 33    Spells: 10/29 levels left

rFire   + . .      SeeInvis .   a - +5 longbow (freeze)
rCold   . . .      Faith    .   (shield currently unavailable)
rNeg    . . .      Spirit   .   Y - +5 acid dragon scales
rPois   +          Reflect  .   g - +2 hat
rElec   .          Harm     .   O - +2 cloak
rCorr   +          Rampage  .   E - +2 pair of gloves
Will    +....                   F - +1 pair of boots {Fly}
Stlth   ++++......              (no amulet)
HPRegen 0.32/turn               r - ring "Atho" {Wiz rPois rF+ Int+5}
MPRegen 0.22/turn               A - +4 ring of slaying

@: grasped by roots, flying, constricted
A: high MP 1, forlorn, divine attributes, clever 1
a: no special abilities


You were on level 3 of the Swamp.
You visited 5 branches of the dungeon, and saw 25 of its levels.
You also visited: Ossuary and Gauntlet.

You collected 1960 gold pieces.
You spent 362 gold pieces at shops.

Inventory:

Hand Weapons
 a - a +5 longbow of freezing (weapon)
 b - a +0 long sword of venom
 w - a +1 long sword of holy wrath
Missiles
 y - 3 throwing nets
Armour
 g - a +2 hat (worn)
 E - a +2 pair of gloves (worn)
 F - a +1 pair of boots of flying (worn)
 O - a +2 cloak (worn)
 Y - +5 acid dragon scales (worn)
Jewellery
 r - the ring "Atho" (left hand) {Wiz rPois rF+ Int+5}
   (You found it on level 6 of the Dungeon)

   [ring of wizardry]

   It improves your spell success rate.
   Int:       It affects your intelligence (+5).
   rF:        It protects you from fire.
   rPois:     It protects you from poison.
 A - a +4 ring of slaying (right hand)
Wands
 j - a wand of iceblast (20)
 l - a wand of charming (7)
 o - a wand of flame (31)
 u - a wand of mindburst (36)
 B - a wand of polymorph (15)
Scrolls
 d - 8 scrolls of fear
 e - 3 scrolls of teleportation
 n - 2 scrolls of fog
 p - a scroll of blinking
 q - a scroll of immolation
 t - a scroll of silence
 C - 3 scrolls of summoning
Potions
 c - 6 potions of might
 f - a potion of resistance
 h - a potion of berserk rage
 i - 2 potions of magic
 k - a potion of curing
 m - a potion of haste
 s - a potion of heal wounds
 v - 5 potions of ambrosia
 x - 2 potions of brilliance
 z - a potion of attraction
 G - 5 potions of lignification
 H - a potion of cancellation
 K - 2 potions of invisibility


   Skills:
 - Level 11.0 Fighting
 - Level 19.0 Ranged Weapons
 - Level 11.0 Dodging
 - Level 5.0 Stealth
 - Level 5.0 Unarmed Combat
 * Level 7.0 Spellcasting
 - Level 10.0 Transmutations
 - Level 10.0 Ice Magic


You had 10 spell levels left.
You knew the following spells:

 Your Spells              Type           Power      Damage    Failure   Level
a - Freeze                Ice            100%       1d11      1%          1
e - Wereblood             Tmut           57%        N/A       1%          2
o - Ozocubu's Armour      Ice            57%        N/A       1%          3
r - Frozen Ramparts       Ice            100%       1d18      1%          3
B - Blade Hands           Tmut           28%        N/A       1%          5
I - Irradiate             Conj/Tmut      17%        3d17      16%         5

Your spell library contained the following spells:

 Spells                   Type           Power      Damage    Failure   Level
 Beastly Appendage        Tmut           100%       N/A       1%          1
 Passwall                 Tmut/Erth      29%        N/A       1%          2
 Spider Form              Tmut/Pois      35%        N/A       1%          3
 Sandblast                Erth           18%        2d7       4%          1
 Summon Small Mammal      Summ           36%        N/A       4%          1
 Hailstorm                Conj/Ice       35%        3d9       6%          4
 Blink                    Tloc           18%        N/A       7%          2
 Call Canine Familiar     Summ           9%         N/A       13%         3
 Gell's Gravitas          Tloc           9%         N/A       13%         3
 Lesser Beckoning         Tloc           9%         N/A       13%         3
 Portal Projectile        Hex/Tloc       18%        N/A       13%         3
 Stone Arrow              Conj/Erth      18%        3d8       13%         3
 Summon Guardian Golem    Hex/Summ       9%         N/A       13%         3
 Teleport Other           Tloc           9%         N/A       13%         3
 Animate Dead             Necr           9%         N/A       38%         4
 Iskenderun's Mystic Bla  Conj/Tloc      9%         2d4       38%         4
 Leda's Liquefaction      Hex/Erth       4%         N/A       38%         4
 Dragon Form              Tmut           28%        N/A       50%         7
 Statue Form              Tmut/Erth      23%        N/A       61%         6
 Fireball                 Conj/Fire      4%         3d4       73%         5
 Lee's Rapid Deconstruct  Erth           4%         3d6*      73%         5
 Manifold Assault         Tloc           9%         N/A       73%         5
 Dispersal                Tloc           4%         N/A       99%         6
 Starburst                Conj/Fire      4%         6d4       99%         6
 Haunt                    Necr/Summ      4%         N/A       100%        7
 Ignition                 Fire           4%         3d4       100%        8
 Infestation              Necr           4%         N/A       100%        8


Dungeon Overview and Level Annotations

Branches:
Dungeon (13/15)            Temple (1/1) D:5            Lair (5/5) D:10
  Swamp (3/4) Lair:2       Spider (3/4) Lair:3        Slime (0/5) Lair:4
    Orc (0/2) D:10        Ossuary (visited)         Gauntlet (visited)
 Vaults: D:13-14

Shops:
D:8 [

Portals:
Trove: D:10 (give +2 storm dragon scales)


Innate Abilities, Weirdness & Mutations

You have an increased reservoir of magic. (+10% MP)
You shall have no god before yourself.
Your divine heritage dramatically boosts your attributes as you level up.
Your mind is acute. (Int +4, Str/Dex -1)


Message History

The will-o-the-wisp is heavily damaged.
The swamp worm bites you!
The will-o-the-wisp gestures.
The will-o-the-wisp conjures some foxfire! 2 foxfires come into view.
Fire: a) +5 longbow (freeze)
Press: ? - help, Q - select action, (/) - cycle Shift-Dir - straight line, f/p - will-o-the-wisp
Aim: a will-o-the-wisp (heavily damaged, 79% to hit)
You shoot an arrow. The arrow hits the will-o-the-wisp!
The arrow freezes the will-o-the-wisp.
The will-o-the-wisp is almost destroyed.
The foxfire hits you. You resist. The swamp worm completely misses you.
The will-o-the-wisp engulfs you but does no damage.
Fire: a) +5 longbow (freeze)
Press: ? - help, Q - select action, (/) - cycle Shift-Dir - straight line, f/p - will-o-the-wisp
Aim: a will-o-the-wisp (almost destroyed, 79% to hit)
You shoot an arrow.
The arrow hits the will-o-the-wisp but does no damage.
The will-o-the-wisp is almost destroyed.
The swamp worm completely misses you.
Roots burst forth from the earth!
The grasping roots grab you! The grasping roots constrict you!
The will-o-the-wisp gestures.
The will-o-the-wisp conjures some foxfire!
The bog body closely misses you.
The swamp worm misses you. 2 foxfires come into view.
Fire: a) +5 longbow (freeze)
Press: ? - help, Q - select action, (/) - cycle Shift-Dir - straight line, f/p - will-o-the-wisp
Aim: a will-o-the-wisp (almost destroyed, 79% to hit)
You shoot an arrow. The arrow hits the will-o-the-wisp.
The arrow freezes the will-o-the-wisp.
The will-o-the-wisp is almost destroyed.
The foxfire hits you! You resist. The foxfire hits you! You resist.
The will-o-the-wisp engulfs you but does no damage.
The bog body touches you!
* * * LOW HITPOINT WARNING * * *
The bog body freezes you!!
* * * LOW HITPOINT WARNING * * *
The grasping roots constrict you!
You die...

≈ ≈♣♣♣ ♣♣♣♣ ≈≈≈≈..♣♣.≈♣
♣♣♣ ≈≈.≈≈.≈.≈≈♣ ♣.≈♣♣
....§♣♣.≈≈≈♣♣♣....♣
.≈≈.≈....≈..≈≈...≈≈♣
.≈≈.≈≈≈≈†≈≈≈n...≈≈≈♣.
§...≈≈≈≈≈≈/@wv...≈.≈≈≈
..≈≈≈≈≈≈..§§vf.§...≈≈≈
.≈≈.≈≈≈≈≈..§§.≈≈≈≈≈v..
≈≈§.≈≈≈≈..♣♣♣♣ ..♣
≈≈≈≈.♣ ♣♣♣.≈≈≈≈≈≈♣♣♣≈♣
♣t≈≈§≈≈
♣♣...≈≈≈.≈....♣♣..≈≈≈..♣


You could see a shambling mangrove, an eleionoma, a will-o-the-wisp, a bog body
and a swamp worm.

Vanquished Creatures
  Arachne (Spider:3)
  Gastronok (D:10)
  An emperor scorpion (Spider:1)
  2 ghost moths
  A broodmother (Spider:2)
  Nessos (D:12)
  5 eleionomae
  A minotaur (Gauntlet)
  2 spark wasps
  2 entropy weavers (Spider:3)
  4 bunyips
  A fire dragon (Lair:5)
  The ghost of Bediveer the Spry, a journeyman FeSu of Gozag (Swamp:1)
  8 hydras
  2 jorogumos (Spider:3)
  2 boulder beetles
  An ice dragon (Lair:5)
  A catoblepas (Gauntlet)
  A centaur warrior (D:13)
  A ghost crab (Swamp:2)
  10 alligators
  5 death yaks (Lair:5)
  A radroach (Spider:2)
  Urug (D:12)
  A tengu warrior (Swamp:2)
  Nergalle (D:12)
  6 goliath frogs
  4 orb spiders
  2 pharaoh ants
  2 swamp dragons
  A steelbarb worm (Spider:1)
  A swamp dragon (shapeshifter) (Gauntlet)
  2 bog bodies (Swamp:2)
  5 spriggan druids
  Pikel (D:8)
  A lindwurm (Lair:5)
  A deep elf pyromancer (D:10)
  17 wolf spiders
  A mana viper (shapeshifter) (Gauntlet)
  An ugly thing (D:10)
  A cyclops (D:11)
  3 moths of wrath
  3 will-o-the-wisps
  29 elephants
  6 black mambas
  12 cane toads
  9 torpor snails
  A gargoyle (Gauntlet)
  Psyche (D:10)
  3 rime drakes
  11 komodo dragons
  7 demonic crawlers
  A tengu conjurer (Swamp:2)
  3 queen bees
  3 trolls
  3 polar bears
  9 hornets
  2 bloated husks (Swamp:1)
  19 tarantellas
  10 tyrant leeches
  16 blink frogs
  5 dream sheep (Lair:5)
  11 jumping spiders
  16 culicivoras
  A spriggan (Swamp:3)
  Sigmund (D:3)
  57 yaks
  4 wyverns
  3 basilisks (Lair:5)
  30 redbacks
  Menkaure (D:5)
  12 vampire mosquitoes
  6 acid dragons
  11 swamp worms
  19 water moccasins
  An ice beast (D:5)
  A black bear (D:7)
  2 orc warriors
  5 swamp drakes
  3 sky beasts
  10 wolves
  2 ogres
  7 centaurs
  A phantom (D:4)
  3 elf zombies (Ossuary)
  2 kobold brigands
  Blork the orc (D:6)
  A necrophage (D:7)
  4 scorpions
  9 bullfrogs
  A gnoll sergeant (D:8)
  14 wights
  44 killer bees
  3 howler monkeys
  5 centaur zombies
  7 electric eels
  2 lava snakes (Lair:2)
  A bullfrog zombie (D:7)
  4 hounds
  A jelly (D:7)
  A gnoll bouda (D:4)
  4 human zombies
  3 orc priests
  6 iguanas
  7 orc wizards
  7 hell rats
  2 howler monkey zombies (D:7)
  7 mummies
  13 gnolls
  8 river rats (Lair:1)
  8 adders
  A white imp (D:7)
  5 adder zombies (Ossuary)
  A worm (D:4)
  2 dart slugs
  30 orcs
  7 ball pythons
  9 bats
  7 endoplasms
  12 giant cockroaches
  A gnoll zombie (Ossuary)
  6 goblins
  5 hobgoblins
  2 jackals (D:1)
  14 kobolds
  5 quokkas
  2 frilled lizards
  3 goblin zombies
  4 hobgoblin zombies (Ossuary)
  A jackal zombie (Ossuary)
  5 kobold zombies (Ossuary)
  2 orc zombies
  4 quokka zombies (Ossuary)
  5 rats
  2 rat zombies (Ossuary)
767 creatures vanquished.

Vanquished Creatures (collateral kills)
  A wolf spider (Spider:3)
1 creature vanquished.

Vanquished Creatures (others)
  Nikola (Swamp:2)
  A sky beast (shapeshifter) (Gauntlet)
  11 foxfires
  53 fungi
  132 plants
198 creatures vanquished.

Grand Total: 966 creatures vanquished

Notes
Turn   | Place    | Note
-------+----------+-------------------------------------------
     0 | D:1      | avis the Demigod Ice Elementalist began the quest for the
                  | Orb.
     0 | D:1      | Reached XP level 1. HP: 14/14 MP: 5/5
   354 | D:1      | Reached skill level 1 in Fighting
   586 | D:1      | Reached XP level 2. HP: 23/23 MP: 7/7
  1616 | D:2      | Reached skill level 1 in Ranged Weapons
  1616 | D:2      | Reached XP level 3. HP: 29/29 MP: 8/8
  1886 | D:2      | Learned a level 3 spell: Ozocubu's Armour
  2011 | D:2      | Reached skill level 2 in Ranged Weapons
  2154 | D:2      | Identified the +5 dagger of Trog's Envy {antimagic, rF+}
  2651 | D:3      | Reached XP level 4. HP: 33/36 MP: 2/10
  2668 | D:3      | Reached skill level 3 in Ranged Weapons
  3001 | D:2      | Learned a level 3 spell: Frozen Ramparts
  3312 | D:3      | Noticed Sigmund
  3336 | D:3      | Killed Sigmund
  3337 | D:3      | Reached skill level 5 in Ranged Weapons
  3337 | D:3      | Reached XP level 5. HP: 41/41 MP: 2/12
  3545 | D:3      | Reached XP level 6. HP: 47/48 MP: 9/13
  3603 | D:3      | Reached skill level 6 in Ranged Weapons
  3765 | D:3      | Found a transporter.
  4183 | D:4      | Reached skill level 7 in Ranged Weapons
  4340 | D:4      | Reached skill level 5 in Ice Magic
  4340 | D:4      | Reached XP level 7. HP: 53/55 MP: 14/14
  4346 | D:4      | Reached skill level 8 in Ranged Weapons
  4555 | D:5      | Entered Level 5 of the Dungeon
  4978 | D:5      | Found a staircase to the Ecumenical Temple.
  4984 | Temple   | Entered the Ecumenical Temple
  4994 | Temple   | Learned a level 2 spell: Wereblood
  5143 | D:5      | Noticed Menkaure
  5298 | D:5      | Reached skill level 9 in Ranged Weapons
  5822 | D:5      | Reached XP level 8. HP: 63/63 MP: 15/15
  6173 | D:6      | Identified the ring "Atho" {Wiz rPois rF+ Int+5}
  6332 | D:6      | Noticed Blork the orc
  6339 | D:6      | Killed Blork the orc
  6340 | D:6      | Reached skill level 1 in Transmutations
  6751 | D:6      | Reached skill level 10 in Ranged Weapons
  7858 | D:7      | Found a sand-covered staircase.
  7862 | Ossuary  | Entered an ossuary
  8050 | Ossuary  | Reached skill level 11 in Ranged Weapons
  8582 | D:7      | Reached skill level 12 in Ranged Weapons
  8632 | D:7      | Reached XP level 9. HP: 69/69 MP: 11/18
  9018 | D:7      | Reached skill level 13 in Ranged Weapons
  9285 | D:8      | Found Orihirye's Armour Shop.
  9290 | D:8      | Bought a +2 pair of gloves for 181 gold pieces
  9290 | D:8      | Bought a +1 pair of boots of flying for 181 gold pieces
  9321 | D:8      | Noticed Pikel
  9335 | D:8      | Killed Pikel
  9623 | D:8      | Reached skill level 5 in Fighting
 10056 | D:8      | Reached skill level 5 in Dodging
 10233 | D:5      | Killed Menkaure
 10801 | D:9      | Reached skill level 5 in Spellcasting
 10808 | D:9      | Reached XP level 10. HP: 74/81 MP: 14/21
 11744 | D:10     | Entered Level 10 of the Dungeon
 11892 | D:10     | Found a portal to a secret trove of treasure.
 12071 | D:10     | Noticed Psyche
 12110 | D:10     | Killed Psyche
 12375 | D:10     | Reached skill level 14 in Ranged Weapons
 12493 | D:10     | Found a staircase to the Lair.
 12583 | D:10     | Noticed a deep elf pyromancer
 12596 | D:10     | Killed a deep elf pyromancer
 12822 | D:10     | Reached XP level 11. HP: 89/89 MP: 16/22
 13119 | D:10     | Noticed Gastronok
 13141 | D:10     | Killed Gastronok
 13446 | D:10     | Found a staircase to the Orcish Mines.
 13484 | Lair:1   | Entered Level 1 of the Lair of Beasts
 13611 | Lair:1   | Reached skill level 15 in Ranged Weapons
 14709 | Lair:1   | Learned a level 5 spell: Blade Hands
 15256 | Lair:2   | Noticed a five-headed hydra
 15270 | Lair:2   | Killed a five-headed hydra
 15271 | Lair:2   | Reached XP level 12. HP: 101/101 MP: 16/23
 15868 | Lair:2   | Noticed an eight-headed hydra
 15878 | Lair:2   | Killed an eight-headed hydra
 16216 | Lair:2   | Reached skill level 16 in Ranged Weapons
 16913 | Lair:2   | Noticed an eight-headed hydra
 16923 | Lair:2   | Killed an eight-headed hydra
 16924 | Lair:2   | Reached skill level 5 in Transmutations
 17375 | Lair:2   | Noticed a four-headed hydra
 17384 | Lair:2   | Killed a four-headed hydra
 17508 | Lair:2   | Found a staircase to the Swamp.
 17611 | Lair:3   | Noticed a four-headed hydra
 18211 | Lair:3   | Killed a four-headed hydra
 18594 | Lair:3   | Found a hole to the Spider Nest.
 18726 | Lair:3   | Reached XP level 13. HP: 111/111 MP: 18/24
 19389 | Lair:4   | Found a staircase to the Slime Pits.
 20601 | Lair:5   | Entered Level 5 of the Lair of Beasts
 21032 | Lair:5   | Reached skill level 17 in Ranged Weapons
 21970 | Lair:5   | Found a runed translucent door.
 23121 | Lair:5   | Reached XP level 14. HP: 109/118 MP: 21/27
 24217 | Lair:5   | Reached skill level 10 in Fighting
 24630 | Lair:5   | Reached skill level 1 in Unarmed Combat
 25021 | Lair:1   | Upgraded the game from 0.29-a0-973-gac7da5f7f0 to
                  | 0.29-a0-982-gaed3a0c8d8
 25381 | D:11     | You are sucked into a shaft and drop 2 floors!
 25766 | D:12     | Noticed Urug
 25848 | D:12     | Killed Urug
 25954 | D:12     | Noticed Nergalle
 25981 | D:12     | Killed Nergalle
 26000 | D:12     | Found a gate leading to a gauntlet.
 26001 | D:12     | Noticed Nessos
 26025 | D:12     | Killed Nessos
 26084 | Gauntlet | Entered a Gauntlet
 26084 | Gauntlet | Found the dreamshard necklace {*Dream Drain}
 26084 | Gauntlet | Found a transporter.
 26084 | Gauntlet | Found a transporter.
 26084 | Gauntlet | Found a transporter.
 26104 | Gauntlet | Found a transporter.
 26116 | Gauntlet | Found a transporter.
 26140 | Gauntlet | Found a transporter.
 26144 | Gauntlet | Found a transporter.
 26170 | Gauntlet | Found a transporter.
 26186 | Gauntlet | Found a transporter.
 26199 | Gauntlet | Found a transporter.
 26213 | Gauntlet | Found a transporter.
 26228 | Gauntlet | Found a transporter.
 27280 | D:12     | Identified the +0 leather armour of the Weak God {*Corrode
                  | rC+ Str+2}
 27486 | Swamp:1  | Entered Level 1 of the Swamp
 27930 | Swamp:1  | Reached skill level 18 in Ranged Weapons
 28295 | Swamp:1  | Found a large runed translucent door.
 28295 | Swamp:1  | Found a large runed translucent door.
 28297 | Swamp:1  | Noticed Bediveer's ghost (journeyman FeSu)
 28605 | Swamp:1  | Killed Bediveer's ghost
 28635 | Swamp:1  | Got the Tome of Superposition
 28819 | Spider:1 | Entered Level 1 of the Spider Nest
 28844 | Spider:1 | Reached skill level 10 in Dodging
 28866 | Spider:1 | Gained mutation: You are clumsy. (Dex -2) [mutagenic glow]
 28886 | Spider:1 | Gained mutation: Potions are less effective at restoring
                  | your health. [mutagenic glow]
 28893 | Spider:1 | Gained mutation: You do not regenerate when monsters are
                  | visible. [mutagenic glow]
 28902 | Spider:1 | Learned a level 5 spell: Irradiate
 28902 | Spider:1 | Gained mutation: Your spells are a little easier to cast,
                  | but a little less powerful. [mutagenic glow]
 29337 | Spider:1 | Noticed an emperor scorpion
 29353 | Spider:1 | Killed an emperor scorpion
 29847 | Spider:1 | Reached XP level 15. HP: 113/126 MP: 22/30
 30375 | Swamp:2  | Reached skill level 10 in Transmutations
 30883 | Lair:1   | Lost mutation: Potions are less effective at restoring your
                  | health. [potion of mutation]
 30883 | Lair:1   | Lost mutation: You do not regenerate when monsters are
                  | visible. [potion of mutation]
 30883 | Lair:1   | Gained mutation: Your mind is acute. (Int +4, Str/Dex -1)
                  | [potion of mutation]
 30883 | Lair:1   | Gained mutation: You are strong-willed. (Will+) [potion of
                  | mutation]
 30883 | Lair:1   | Gained mutation: You sometimes lose your temper in combat.
                  | [potion of mutation]
 30884 | Lair:1   | Lost mutation: You are strong-willed. (Will+) [potion of
                  | mutation]
 30884 | Lair:1   | Lost mutation: You are clumsy. (Dex -2) [potion of
                  | mutation]
 30884 | Lair:1   | Lost mutation: You sometimes lose your temper in combat.
                  | [potion of mutation]
 30884 | Lair:1   | Lost mutation: Your spells are a little easier to cast, but
                  | a little less powerful. [potion of mutation]
 31051 | Swamp:2  | Noticed Nikola
 31067 | Swamp:2  | Reached skill level 10 in Ice Magic
 31072 | Swamp:2  | Killed Nikola
 32200 | Spider:2 | You are sucked into a shaft and drop 1 floor!
 32337 | Spider:3 | Reached skill level 5 in Unarmed Combat
 32571 | Spider:3 | Noticed Arachne
 32584 | Spider:3 | Killed Arachne
 33520 | Spider:2 | Reached skill level 19 in Ranged Weapons
 35536 | Swamp:3  | Reached XP level 16. HP: 104/137 MP: 28/31
 35964 | Swamp:3  | Reached skill level 5 in Stealth
 35968 | Swamp:3  | Constricted to death by a shambling mangrove

Illustrated notes

Levels and vault maps discovered:
D:1:      nzn_arrival_water_spiral, layout_loops_ring, minivault_5
D:2:      minmay_roachtagon, layout_basic,
          chequers_ecumenical_altar_simple_redux
D:3:      layout_rooms, grunt_nemelex_the_gamble, uniq_sigmund
D:4:      layout_rooms
D:5:      layout_loops_ring, minmay_temple_entry_drinking_statues,
          serial_park_tiny_pond, uniq_menkaure
D:6:      layout_layer_cave, serial_bayou_pond_a, uniq_blork_the_orc
D:7:      layout_basic, lemuel_mausoleum_altar_yredelemnul, enter_bailey_6,
          nicolae_ossuary_entry_giza
D:8:      layout_basic, nicolae_uskayaw_suspiria, serial_shops,
          nicolae_shop_temple_entry_statues_fountains, uniq_pikel
D:9:      layout_basic
D:10:     layout_roguey, minmay_lair_entry_grove, orc_0_dummy,
          nicolae_trove_entry_diagonal, uniq_psyche, uniq_gastronok
D:11:     layout_basic
D:12:     layout_roguey, gauntlet_entry_generic, uniq_urug, uniq_nergalle,
          uniq_nessos
D:13:     layout_loops_corners, uniq_erolcha, uniq_snorg
Temple:   hellmonk_temple_of_storms
Lair:1:   layout_hall_layers, kennysheep_rathole, serial_bayou_shore_b
Lair:2:   layout_long_grid, palyth_hydra_swamp_entry, special_room
          [special_room_bee], nicolae_lair_liquid_snakes
Lair:3:   layout_regular_city, nicolae_spider_entry_orb_guardian,
          infiniplex_staircase_pool_2, serial_bayou_shore_b, grunt_megastairs_3
Lair:4:   layout_regular_city, dpeg_slime_entry_enclosed
Lair:5:   guppyfry_lair_end_dragon, layout_cave_pods, wormcave,
          lemuel_fruit_fields, serial_bayou_shore_b, serial_bayou_shore_b,
          infiniplex_staircase_pool
Swamp:1:  nicolae_swamp_long_stream, layout_basic_swamp,
          ebering_ghost_disaster_area, hangedman_swamp_ruin_hall
Swamp:2:  layout_basic_swamp, evilmike_swamp_ruin_house_5, swamp_pool5,
          kb_tengu_band, uniq_nikola
Swamp:3:  layout_basic_swamp, nicolae_swamp_fairy_circle
Spider:1: layout_spider_delve
Spider:2: layout_spider_delve
Spider:3: layout_spider_delve, nicolae_spider_not_touching_you, uniq_arachne

Skill      XL: |  1  2  3  4  5  6  7  8  9 10 11 12 13 14 15 16 |
---------------+-------------------------------------------------+-----
Fighting       | 1 2 3 5 6 8 9 10 11 | 11.0
Spellcasting   | 2 3 4 5 6 7 |  7.0
Ice Magic      | 4 5 7 8 9 10 | 10.0
Ranged Weapons | 1 2 5 7 9 12 13 14 15 16 17 18 19 | 19.0
Dodging        | 3 5 6 7 8 9 10 11 | 11.0
Transmutations | 1 3 6 9 10 | 10.0
Stealth        | 3 5 |  5.0
Unarmed Combat | 3 5 |  5.0

Action                   |  1- 3 |  4- 6 |  7- 9 | 10-12 | 13-15 | 16-18 || total
-------------------------+-------+-------+-------+-------+-------+-------++-------
Melee: Dagger            |       |     1 |    17 |     1 |    14 |       ||    33
       Unarmed           |       |       |       |    41 |   121 |       ||   162
       Punch             |       |       |       |       |     3 |       ||     3
 Fire: Sling             |    70 |    98 |   405 |   685 |   482 |       ||  1740
       Shortbow          |       |       |       |       |    47 |       ||    47
       Longbow           |       |       |       |       |   607 |    42 ||   649
Throw: Dart              |       |     6 |     5 |       |       |       ||    11
 Cast: Freeze            |    41 |    10 |     5 |     1 |     5 |       ||    62
       Ozocubu's Armour  |     2 |     7 |    35 |    65 |   138 |     5 ||   252
       Frozen Ramparts   |       |     8 |    36 |    82 |   124 |       ||   250
       Blade Hands       |       |       |       |     5 |    11 |       ||    16
       Irradiate         |       |       |       |       |     4 |       ||     4
 Abil: End Transformatio |       |       |       |     2 |     8 |       ||    10
Evoke: Wand              |       |       |       |     1 |     2 |       ||     3
  Use: Scroll            |       |       |    22 |     5 |    13 |     1 ||    41
       Potion            |       |       |       |     3 |    15 |       ||    18
 Stab: Sleeping          |       |     1 |     1 |     1 |       |       ||     3
Armor: Robe              |     5 |    11 |    32 |    52 |   162 |       ||   262
       Skin              |       |       |       |    42 |       |       ||    42
       Acid dragon scale |       |       |       |       |   186 |    27 ||   213
Dodge: Dodged            |    26 |    31 |    71 |   153 |   823 |    62 ||  1166

Table legend: (Time is in decaauts)
 A = Elapsed time spent in this place.
 B = Non-inter-level travel time spent in this place.
 C = Inter-level travel time spent in this place.
 D = Time resting spent in this place.
 E = Time spent auto-exploring this place.
 F = Levels seen in this place.
 G = Mean time per level.
                   A        B        C        D        E       F      G
               +--------+--------+--------+--------+--------+-----+--------+
         Total |  35558 |  31718 |   3840 |  13551 |  10351 |  27 | 1317.0 |
       Dungeon |  14496 |  12912 |   1584 |   4346 |   5433 |  13 | 1115.1 |
        Temple |     29 |     24 |      5 |      0 |      0 |   1 |   29.0 |
          Lair |  12043 |  10693 |   1350 |   5268 |   2977 |   5 | 2408.6 |
         Swamp |   3259 |   2587 |    672 |   1366 |    596 |   3 | 1086.3 |
   Spider Nest |   4327 |   4099 |    228 |   1939 |   1345 |   3 | 1442.3 |
       Ossuary |    284 |    284 |      0 |      0 |      0 |   1 |  284.0 |
      Gauntlet |   1117 |   1117 |      0 |    630 |      0 |   1 | 1117.0 |
               +--------+--------+--------+--------+--------+-----+--------+

Top non-repeatable levels by time:
  Lair:5: 3876 daAuts
  Lair:2: 3288 daAuts
    D:10: 1873 daAuts
 Swamp:2: 1795 daAuts
     D:2: 1722 daAuts
  Lair:4: 1705 daAuts
     D:6: 1648 daAuts
     D:5: 1645 daAuts
  Lair:1: 1641 daAuts
Spider:3: 1582 daAuts
  Lair:3: 1533 daAuts
Spider:1: 1470 daAuts
 Swamp:1: 1353 daAuts
     D:7: 1350 daAuts
     D:1: 1331 daAuts
